 Dungeon Crawl Stone Soup version 0.29-a0-91-gdebf4667c2 (webtiles) character file.

Game seed: 4083750349059956067

44 drugrobin the Poker (level 3, -8/29 HPs)
             Began as a Demigod Warper on Feb 7, 2022.
             Mangled by an ogre (25 damage)
             ... on level 1 of the Dungeon.
             The game lasted 00:03:02 (1714 turns).

drugrobin the Poker (Demigod Warper)                Turns: 1714, Time: 00:03:02

Health: -8/29      AC:  3    Str: 16    XL:     3   Next: 23%
Magic:  8/8        EV: 11    Int: 15    God:
Gold:   39         SH:  0    Dex: 13    Spells: 3/5 levels left

rFire   . . .      SeeInvis .   a - +0 spear
rCold   . . .      Faith    .   (no shield)
rNeg    + . .      Spirit   .   b - +0 leather armour
rPois   .          Reflect  .   (no helmet)
rElec   .          Harm     .   (no cloak)
rCorr   .          Rampage  .   (no gloves)
Will    .....                   (no boots)
Stlth   +.........              (no amulet)
HPRegen 0.09/turn               e - ring of positive energy
MPRegen 0.11/turn               (no ring)

@: no status effects
A: high MP 1, forlorn, divine attributes
a: no special abilities


You were on level 1 of the Dungeon.
You visited 1 branch of the dungeon, and saw 2 of its levels.

You collected 39 gold pieces.

Inventory:

Hand Weapons
 a - a +0 spear (weapon)
Missiles
 d - 5 boomerangs of dispersal
 g - 24 stones (quivered)
Armour
 b - a +0 leather armour (worn)
Jewellery
 e - a ring of positive energy (left hand)
Scrolls
 c - a scroll of blinking
 f - a scroll of acquirement {unknown}
 h - a scroll of immolation {unknown}
 i - a scroll of amnesia {unknown}


   Skills:
 - Level 1.7 Fighting
 + Level 3.5 Polearms
 - Level 0.8 Throwing
 - Level 0.8 Armour
 - Level 1.7 Dodging
 - Level 1.7 Spellcasting
 - Level 2.6 Translocations


You had 3 spell levels left.
You knew the following spells:

 Your Spells              Type           Power      Damage    Failure   Level
a - Blink                 Tloc           18%        N/A       14%         2

Your spell library contained the following spells:

 Spells                   Type           Power      Damage    Failure   Level
 Sting                    Tmut/Pois      4%         1d3       28%         1
 Gell's Gravitas          Tloc           9%         N/A       28%         3
 Lesser Beckoning         Tloc           9%         N/A       28%         3
 Teleport Other           Tloc           9%         N/A       28%         3
 Poisonous Vapours        Pois/Air       2%         N/A       38%         2
 Olgreb's Toxic Radiance  Pois           1%         N/A       95%         4
 Manifold Assault         Tloc           9%         N/A       95%         5


Dungeon Overview and Level Annotations

Branches:
Dungeon (2/15)


Innate Abilities, Weirdness & Mutations

You have an increased reservoir of magic. (+10% MP)
You shall have no god before yourself.
Your divine heritage dramatically boosts your attributes as you level up.


Message History

Done exploring.
Done exploring.
There is a stone staircase leading down here.
You climb downwards.
The ogre shouts!
The gnoll shouts!
You hear a shout!
Found a mace.
Found a stone staircase leading down.
There is a stone staircase leading up here.
A gnoll comes into view. It is wielding a +0 club.
Reach: a) +0 spear
Press: ? - help, Dir - move target, f - gnoll
Aim: a gnoll, wielding a +0 whip (about 36% to evade your +0 spear)
You reach to attack!
You completely miss the gnoll.
An endoplasm comes into view.
You hit the gnoll.
The gnoll is moderately wounded.
The gnoll barely misses you.
A gnoll comes into view. It is wielding a +0 whip.
You hit the gnoll.
The gnoll is heavily wounded.
The ogre barely misses you.
You climb upwards.
There is a stone staircase leading down here.
Casting: Blink (safe; 14% risk of failure)
Confirm with . or Enter, or press ? or * to list all spells.
You blink.
The gnoll hits you with a +0 whip. The ogre closely misses you.
You feel stable enough to blink again.
You hit the gnoll but do no damage.
The gnoll is heavily wounded.
The gnoll misses you.
You closely miss the gnoll.
The gnoll is heavily wounded.
The gnoll hits you with a +0 whip.
You hit the gnoll.
The gnoll is severely wounded.
The gnoll hits you with a +0 whip.
You hit the gnoll.
You kill the gnoll!
The ogre hits you with a +0 giant club!!
Ouch! That really hurt!
You die...

.............≈...#§§§≈.≈≈≈≈≈.###.
##...........≈.#.#.§.≈...........
.#...........≈.#.#.#.≈≈≈.########
.......####..≈.#.#.#§..§.§.......
.......# #..≈.#.#.###.≈≈§§.#####
.......# #§§≈.#.#...#...§≈......
.......# #..≈######.#####≈§≈≈≈≈≈
..#'#######.§§§....)...##..§....÷
.....#.......#..@O.#....+....§...
.....#.......#.....#.#O##..§.....
.....#.......#.....#.#..#........
.....#.......#.....#.##.#........
.....######.##.....#.##..........
.....# #..............>........
.#...# #..##.....#.##.#........
.#...# #..##.....#.#..#........
.#...# #..##.....#.#.##........


You could see an ogre.

Vanquished Creatures
  A gnoll (D:1)
  A dart slug (D:1)
  6 ball pythons (D:1)
  A bat (D:1)
  4 endoplasms (D:1)
  A giant cockroach (D:1)
  2 goblins (D:1)
  5 hobgoblins (D:1)
  A quokka (D:1)
  A frilled lizard (D:1)
  3 kobolds (D:1)
  6 rats (D:1)
32 creatures vanquished.

Notes
Turn   | Place    | Note
-------+----------+-------------------------------------------
     0 | D:1      | drugrobin the Demigod Warper began the quest for the Orb.
     0 | D:1      | Reached XP level 1. HP: 17/17 MP: 5/5
    55 | D:1      | Reached skill level 2 in Polearms
   429 | D:1      | Reached XP level 2. HP: 24/24 MP: 7/7
   725 | D:1      | Reached skill level 3 in Polearms
   782 | D:1      | Learned a level 2 spell: Blink
  1435 | D:1      | Reached XP level 3. HP: 29/29 MP: 8/8
  1680 | D:2      | Noticed an ogre
  1714 | D:1      | Mangled by an ogre

Illustrated notes

Levels and vault maps discovered:
D:1:      psy_arrival_radial02, layout_basic,
          shapermc_ecumenical_altar_notcrosses
D:2:      layout_rooms

Skill      XL: |  1  2 |
---------------+-------+-----
Polearms       | 2 3 |  3.5
Fighting       | |  1.7
Throwing       | |  0.8
Armour         | |  0.8
Dodging        | |  1.7
Spellcasting   | |  1.7
Translocations | |  2.6

Action                   || total
-------------------------++-------
Melee: Spear             ||   131
       Punch             ||     4
Throw: Stone             ||     1
 Cast: Blink             ||     1
Armor: Leather armour    ||    30
Dodge: Dodged            ||    59

Table legend: (Time is in decaauts)
 A = Elapsed time spent in this place.
 B = Non-inter-level travel time spent in this place.
 C = Inter-level travel time spent in this place.
 D = Time resting spent in this place.
 E = Time spent auto-exploring this place.
 F = Levels seen in this place.
 G = Mean time per level.
                   A        B        C        D        E       F      G
               +--------+--------+--------+--------+--------+-----+--------+
         Total |   1710 |   1680 |     30 |    418 |    925 |   2 |  855.0 |
       Dungeon |   1710 |   1680 |     30 |    418 |    925 |   2 |  855.0 |
               +--------+--------+--------+--------+--------+-----+--------+

Top non-repeatable levels by time:
     D:1: 1704 daAuts
     D:2: 6 daAuts
